 Dungeon Crawl Stone Soup version 0.31-a0-219-g8d62b2e7bb (webtiles) character file.

Game seed: 14248676777154345711

5189 Anon1729 the Fighter (level 10, -7/91 HPs)
             Began as a Minotaur Monk on July 3, 2023.
             Was a Follower of Uskayaw.
             Killed from afar by a deep elf pyromancer (9 damage)
             ... with a sticky flame
             ... on level 8 of the Dungeon.
             The game lasted 00:05:22 (8414 turns).

Anon1729 the Fighter (Minotaur Monk)                Turns: 8414, Time: 00:05:22

Health: -7/91      AC: 11    Str: 16    XL:     10   Next: 34%
Magic:  10/14      EV: 15    Int:  7    God:    Uskayaw [*.....]
Gold:   73         SH:  0    Dex: 17    Spells: 9/9 levels left

rFire   . . .        m - +1 short sword (speed)
rCold   . . .        d - orb {light}
rNeg    . . .        J - +0 swamp dragon scales
rPois   +            K - +1 hat {Will+}
rElec   .            z - +0 cloak
rCorr   .            (no gloves)
SInv    .            (no boots)
Will    ++...        (no amulet)
Stlth   +            l - ring of willpower
HPRegen 0.35/turn    (no ring)
MPRegen 0.14/turn

%: no passive effects
@: on fire, glowing
A: horns 2, retaliatory headbutt
a: Renounce Religion, Stomp


You were on level 8 of the Dungeon.
You worshipped Uskayaw.
Uskayaw was noncommittal.
You visited 2 branches of the dungeon, and saw 10 of its levels.

You collected 451 gold pieces.
You spent 378 gold pieces at shops.

Inventory:

Hand Weapons
 a - a +0 short sword
 m - a +1 short sword of speed (weapon)
Missiles
 g - 16 poisoned darts
 o - 4 throwing nets
Armour
 b - a +0 robe
 d - an orb of light (worn)
 y - a +2 chain mail of cold resistance
 z - a +0 cloak (worn)
 J - +0 swamp dragon scales (worn)
 K - a +1 hat of willpower (worn)
Jewellery
 l - a ring of willpower (left hand)
 w - a ring of poison resistance
Wands
 t - a wand of flame (41)
 B - a wand of charming (11)
Scrolls
 j - a scroll of poison
 k - a scroll of immolation {unknown}
 n - a scroll of vulnerability {unknown}
 p - a scroll of enchant weapon {unknown}
 q - 3 scrolls of teleportation
 r - a scroll of revelation {unknown}
 v - 2 scrolls of fear {unknown}
 A - 2 scrolls of fog
 D - a scroll of enchant armour {unknown}
 G - a scroll of brand weapon {unknown}
 H - a scroll of acquirement {unknown}
Potions
 c - a potion of ambrosia
 f - a potion of cancellation {unknown}
 h - 7 potions of curing
 s - 2 potions of haste {unknown}
 u - 2 potions of magic
 x - a potion of invisibility {unknown}
 C - 3 potions of enlightenment
 E - a potion of degeneration {unknown}
 F - a potion of heal wounds
 I - a potion of mutation {unknown}


   Skills:
 + Level 9.0 Fighting
 + Level 8.2 Short Blades
 + Level 8.1 Armour
 + Level 8.2 Dodging
 + Level 6.8 Invocations


You had 9 spell levels left.
You didn't know any spells.
Your spell library contained the following spells:

 Spells                   Type           Power      Damage    Failure   Level
 Necrotise                Necr           0%         1d4       61%         1
 Summon Small Mammal      Summ           0%         N/A       61%         1
 Ensorcelled Hibernation  Hex/Ice        0%         N/A       75%         2
 Scorch                   Fire           0%         2d5       75%         2
 Call Canine Familiar     Summ           0%         N/A       93%         3
 Dazzling Flash           Conj/Hex       0%         N/A       93%         3
 Spider Form              Tmut/Pois      0%         N/A       93%         3
 Summon Guardian Golem    Hex/Summ       0%         N/A       93%         3
 Vampiric Draining        Necr           0%         2d6       93%         3
 Volatile Blastmotes      Fire/Tloc      0%         2d10      93%         3
 Anguish                  Hex/Necr       0%         N/A       100%        4
 Cause Fear               Hex            0%         N/A       100%        4
 Flame Wave               Conj/Fire      0%         2d4       100%        4
 Iskenderun's Mystic Bla  Conj/Tloc      0%         2d3       100%        4
 Agony                    Necr           0%         N/A       100%        5
 Starburst                Conj/Fire      0%         6d3       100%        6
 Summon Cactus Giant      Summ           0%         N/A       100%        6
 Dragon Form              Tmut           0%         N/A       100%        7
 Dragon's Call            Summ           0%         N/A       100%        9


Dungeon Overview and Level Annotations

Branches:
Dungeon (9/15)             Temple (1/1) D:6
   Lair: D:8-11         Orc: D:9-12

Altars:
Ashenzari
Cheibriados
Dithmenos
Elyvilon
Gozag
Hepliaklqana
Kikubaaqudgha
Makhleb
Nemelex Xobeh
Okawaru
Qazlal
Sif Muna
Trog
Uskayaw
Vehumet
Wu Jian
Xom
Yredelemnul
Zin
The Shining One

Shops:
D:5 *   D:7 !


Innate Abilities, Weirdness & Mutations

You have a pair of horns on your head.
You reflexively headbutt those who attack you in melee.


Message History

Your butterfly disappears in a burst of colours!
The fire elemental hits your butterfly.
Your butterfly dies!
Your butterfly disappears in a burst of colours!
The deep elf pyromancer casts a spell at you.
The bolt of fire hits you!!
* * * LOW HITPOINT WARNING * * *
The bolt of fire hits your butterfly!!
Your butterfly dies!
Your butterfly disappears in a burst of colours!
The bolt of fire hits your butterfly!
Your butterfly dies!
Your butterfly disappears in a burst of colours!
You closely miss the deep elf pyromancer.
The deep elf pyromancer is moderately wounded.
You hit the deep elf pyromancer.
The deep elf pyromancer is moderately wounded.
The fire elemental hits your butterfly.
Your butterfly dies!
Your butterfly disappears in a burst of colours!
The deep elf pyromancer hits you with a +0 rapier.
* * * LOW HITPOINT WARNING * * *
You hit the deep elf pyromancer but do no damage.
Your headbutt misses the deep elf pyromancer.
The deep elf pyromancer is moderately wounded.
The fire elemental hits your butterfly.
Your butterfly dies!
Your butterfly disappears in a burst of colours!
Your butterfly is engulfed in blazing flames.
Your butterfly dies!
Your butterfly disappears in a burst of colours!
You barely miss the deep elf pyromancer.
The deep elf pyromancer is moderately wounded.
You hit the deep elf pyromancer.
You headbutt the deep elf pyromancer, but do no damage.
The deep elf pyromancer is moderately wounded.
The deep elf pyromancer points at you and mumbles some strange words.
The sticky flame hits you!
You are covered in liquid flames!
You die...

)[.# #.....#.#.#
###.# ####
#.....#.#.# #...# #
##...##.#.# #.### #
##.###...# #.# # #.#
###.# #.# # #.#
###.###.##### # #.#
#...........# # #.#
#.#.###.###.# #
###### #.b@e..b###.#
#
##≈≈≈####bbb####....#
# #≈≈≈≈≈#..b.E#
#.#### #
#≈≈≈≈≈#..b.b# #.# #
#≈♣8♣≈####.E# #.#
#♣...♣# ##°.# #.#
#.._..###...# #.#
#♣...♣#...#.# #.#
#♣.♣##.....# #.#


You could see a deep elf pyromancer and 2 fire elementals.

Vanquished Creatures
  Gastronok (D:8)
  Erica (D:8)
  Maggie (D:8)
  Grinder (D:4)
  Prince Ribbit (D:7)
  A wyvern (D:8)
  3 steam dragons
  Duvessa (D:6)
  An orc warrior (D:8)
  An ice beast (D:8)
  A black bear (D:5)
  An ogre (D:2)
  2 centaurs (D:8)
  2 kobold brigands (D:9)
  A scorpion (D:7)
  3 bullfrogs
  4 wights (D:7)
  Dowan (D:6)
  3 electric eels (D:6)
  A howler monkey (D:9)
  Crazy Yiuf (D:3)
  A gnoll bouda (D:9)
  4 hounds
  2 jellies
  2 orc priests (D:8)
  Jessica (D:2)
  4 iguanas
  A sleepcap (D:5)
  Ijyb (D:4)
  Natasha (D:1)
  6 orc wizards
  7 adders
  17 gnolls
  A shadow imp (D:7)
  A worm (D:2)
  14 orcs
  7 ball pythons
  7 endoplasms
  2 giant cockroaches
  3 goblins
  4 hobgoblins
  3 jackals (D:2)
  2 quokkas
  8 bats
  6 frilled lizards
  20 kobolds
  2 rats
159 creatures vanquished.

Notes
Turn   | Place    | Note
-------+----------+-------------------------------------------
     0 | D:1      | Anon1729 the Minotaur Monk began the quest for the Orb.
     0 | D:1      | Reached XP level 1. HP: 19/19 MP: 0/0
   480 | D:1      | Reached XP level 2. HP: 27/27 MP: 1/1
   808 | D:1      | Reached skill level 1 in Armour
  1000 | D:2      | Noticed an ogre
  1009 | D:2      | Killed an ogre
  1010 | D:2      | Reached skill level 4 in Fighting
  1010 | D:2      | Reached skill level 1 in Invocations
  1010 | D:2      | Reached XP level 3. HP: 15/34 MP: 1/3
  1010 | D:2      | Reached XP level 4. HP: 19/41 MP: 1/4
  1031 | D:2      | Noticed Natasha
  1049 | D:1      | Killed Natasha
  1050 | D:1      | Reached XP level 5. HP: 17/47 MP: 5/5
  1306 | D:2      | Noticed Jessica
  1311 | D:2      | Killed Jessica
  2260 | D:3      | Found a runed translucent door.
  2261 | D:3      | Noticed Crazy Yiuf
  2363 | D:3      | Reached XP level 6. HP: 43/55 MP: 6/6
  2437 | D:3      | Found a faded altar of an unknown god.
  2443 | D:3      | Found a snail-covered altar of Cheibriados.
  2514 | D:3      | You fall into a shaft and drop 2 floors!
  2514 | D:5      | Entered Level 5 of the Dungeon
  2670 | D:5      | Found Raoblo's Assorted Antiques.
  2675 | D:5      | Reached skill level 5 in Fighting
  2690 | D:5      | Bought a scroll labelled WOOMEA KOST for 24 gold pieces
  2690 | D:5      | Bought a scroll labelled SAOSHROYSUE for 24 gold pieces
  2690 | D:5      | Bought a scroll labelled ICZURPH GYSISCH for 24 gold pieces
  2690 | D:5      | Bought a green potion for 21 gold pieces
  3228 | D:5      | Reached XP level 7. HP: 52/61 MP: 8/8
  3364 | D:5      | Reached skill level 5 in Short Blades
  3588 | D:4      | Reached skill level 5 in Dodging
  3693 | D:4      | Noticed Ijyb
  3725 | D:4      | Killed Ijyb
  3891 | D:4      | Noticed Grinder
  3893 | D:4      | Paralysed by Grinder for 3 turns
  3919 | D:4      | Killed Grinder
  4292 | D:4      | Found a sparkling altar of Nemelex Xobeh.
  4303 | D:4      | Reached skill level 6 in Fighting
  4652 | D:3      | Found an opulent altar of Gozag.
  4973 | D:3      | Killed Crazy Yiuf
  5074 | D:6      | Reached XP level 8. HP: 67/70 MP: 8/10
  5127 | D:6      | Found a staircase to the Ecumenical Temple.
  5139 | D:6      | HP: 1/70 [cloud of steam (10)]
  5152 | Temple   | Entered the Ecumenical Temple
  5456 | D:6      | Reached skill level 5 in Armour
  5537 | D:6      | Identified the +12 trident "Opat" {vamp, rF+}
  5709 | D:6      | Noticed Dowan
  5712 | D:6      | Noticed Duvessa
  5714 | D:6      | Killed Dowan
  5749 | D:6      | Killed Duvessa
  6151 | D:6      | Found an ornate altar of the Wu Jian Council.
  6330 | D:7      | Noticed a +0 spear
  6330 | D:7      | Noticed a +0 spear
  6331 | D:7      | Noticed a +0 falchion
  6332 | D:7      | Noticed a +0 short sword
  6332 | D:7      | Noticed a +0 dagger
  6332 | D:7      | Noticed a +0 short sword
  6332 | D:7      | Noticed a +0 falchion
  6333 | D:7      | Noticed a +0 dagger
  6342 | D:7      | Found a hide-covered altar of Uskayaw.
  6437 | D:7      | Became a worshipper of Uskayaw the Reveller
  6437 | D:7      | Reached * piety under Uskayaw
  6614 | D:7      | Noticed Prince Ribbit
  6621 | D:7      | Reached ** piety under Uskayaw
  6622 | D:7      | Reached *** piety under Uskayaw
  6623 | D:7      | Killed Prince Ribbit
  6624 | D:7      | Reached skill level 7 in Fighting
  6624 | D:7      | Reached skill level 5 in Invocations
  6654 | D:7      | Reached XP level 9. HP: 66/79 MP: 11/11
  6840 | D:7      | Found Emiymp's Distillery.
  6846 | D:7      | Bought a potion of heal wounds for 75 gold pieces
  6846 | D:7      | Bought a potion of curing for 45 gold pieces
  6846 | D:7      | Bought 2 potions of curing for 90 gold pieces
  6846 | D:7      | Bought a potion of enlightenment for 75 gold pieces
  6960 | D:8      | Reached **** piety under Uskayaw
  6972 | D:8      | Reached ***** piety under Uskayaw
  7039 | D:8      | Noticed Maggie
  7065 | D:8      | Killed Maggie
  7280 | D:8      | Noticed Erica
  7289 | D:8      | Killed Erica
  7290 | D:8      | Reached skill level 8 in Fighting
  7511 | D:8      | Noticed Gastronok
  7548 | D:8      | Killed Gastronok
  7549 | D:8      | Reached XP level 10. HP: 49/90 MP: 13/13
  7892 | D:8      | Found a radiant altar of Vehumet.
  7893 | D:8      | Found a glowing golden altar of the Shining One.
  8022 | D:8      | Found a hazy altar of Hepliaklqana.
  8248 | D:9      | Reached skill level 9 in Fighting
  8376 | D:9      | Found a broken altar of Ashenzari.
  8378 | D:9      | HP: 2/91 [orc warrior/+0 glaive (14)]
  8389 | D:9      | Noticed a deep elf pyromancer
  8409 | D:8      | HP: 3/91 [deep elf pyromancer/bolt of fire (35)]
  8414 | D:8      | Killed from afar by a deep elf pyromancer

Illustrated notes

Levels and vault maps discovered:
D:1:      heliophobic_arrival_dark_side_of_the_moon, layout_loops_corners
D:2:      layout_basic, hangedman_decor_points, uniq_jessica, uniq_natasha
D:3:      layout_basic, nicolae_overflow_hidden_temple, cheibriados_altar_1,
          dreamdust_ecumenical_altar_statues, uniq_crazy_yiuf_cottage
D:4:      layout_basic, overflow_temple_1_default, serial_curves,
          eino_curves_01, eino_curves_01, uniq_grinder, uniq_ijyb
D:5:      layout_loops_cross, serial_shops, shop
D:6:      layout_basic, mainiacjoe_overflow_alcove_4,
          minmay_temple_entry_statues_pillars, serial_bayou_lagoon_b,
          uniq_duvessa
D:7:      layout_basic, nicolae_uskayaw_en_pointe, serial_shops,
          nicolae_shop_advertising_works [nicolae_subvault_shop_adworks],
          hangedman_decor_diamond_cutter, uniq_prince_ribbit1
D:8:      layout_loops_ring, worldfamousw_hep_ancestral_shrine,
          gammafunk_temple_overflow_pools, uniq_maggie, uniq_gastronok,
          uniq_erica
D:9:      layout_basic, mainiacjoe_overflow_concentric_impassable,
          minivault_25_ag
Temple:   nicolae_temple_ecumenical_triangle

Skill      XL: |  1  2  3  4  5  6  7  8  9 10 |
---------------+-------------------------------+-----
Armour         | 2 3 4 6 7 8 |  8.1
Fighting       | 4 5 6 7 8 9 |  9.0
Invocations    | 1 2 3 4 5 6 |  6.8
Dodging        | 4 5 6 8 |  8.2
Short Blades   | 4 5 6 8 |  8.2

Action                     |  1- 3 |  4- 6 |  7- 9 | 10-12 || total
---------------------------+-------+-------+-------+-------++-------
  Melee: Short sword       |    30 |   172 |   349 |   124 ||   675
         Headbutt          |     7 |    55 |   120 |    37 ||   219
 Invoke: Stomp             |       |       |     2 |       ||     2
         Line Pass         |       |       |     1 |     2 ||     3
  Evoke: Wand              |       |       |     5 |       ||     5
    Use: Potion            |       |       |     3 |     2 ||     5
         Scroll            |       |       |       |     8 ||     8
   Stab: Paralysed         |       |       |     9 |     3 ||    12
         Confused          |       |       |     2 |       ||     2
 Armour: Robe              |     1 |    18 |     2 |       ||    21
         Chain mail        |       |       |    51 |       ||    51
         Swamp dragon scal |       |       |     3 |    24 ||    27
  Dodge: Dodged            |    18 |    88 |    83 |    62 ||   251

Table legend: (Time is in decaauts)
 A = Elapsed time spent in this place.
 B = Non-inter-level travel time spent in this place.
 C = Inter-level travel time spent in this place.
 D = Time resting spent in this place.
 E = Time spent auto-exploring this place.
 F = Levels seen in this place.
 G = Mean time per level.
                   A        B        C        D        E       F      G
               +--------+--------+--------+--------+--------+-----+--------+
         Total |   8134 |   7733 |    401 |    972 |   5725 |  10 |  813.4 |
       Dungeon |   7875 |   7481 |    394 |    972 |   5505 |   9 |  875.0 |
        Temple |    258 |    252 |      6 |      0 |    220 |   1 |  258.0 |
               +--------+--------+--------+--------+--------+-----+--------+

Top non-repeatable levels by time:
     D:4: 1219 daAuts
     D:1: 1136 daAuts
     D:8: 1114 daAuts
     D:5: 937 daAuts
     D:6: 919 daAuts
     D:2: 899 daAuts
     D:3: 760 daAuts
     D:7: 589 daAuts
     D:9: 298 daAuts
  Temple: 258 daAuts
